 Dungeon Crawl Stone Soup version 0.22-a0-799-g88f5e90 (webtiles) character file.

13322 Amnesiac the Thaumaturge (level 11, -2/68 HPs)
             Began as a Mummy Earth Elementalist on July 21, 2018.
             Was an Elder of Vehumet.
             Slain by a yak (4 damage)
             ... on level 11 of the Dungeon.
             The game lasted 00:25:50 (12470 turns).

Amnesiac the Thaumaturge (MuEE)                    Turns: 12470, Time: 00:25:51

Health: -2/68      AC:  7    Str: 12    XL:     11   Next: 74%
Magic:  6/28       EV: 12    Int: 17    God:    Vehumet [****..]
Gold:   860        SH:  0    Dex: 13    Spells: 17/36 levels left

rFire    . . .     SeeInvis +   a - staff of conjuration
rCold    + + .     Gourm    .   (no shield)
rNeg     + + +     Faith    .   y - +1 robe {rC+ rF+}
rPois    ∞         Spirit   .   d - +2 helmet
rElec    .         Reflect  .   n - +0 cloak
rCorr    .         Harm     .   (no gloves)
MR       +....                  (no boots)
Stlth    ++........             (no amulet)
HPRegen  0.21/turn              r - ring of see invisible
MPRegen  0.21/turn              (no ring)

@: no status effects
A: no food or potions, fire vulnerability, cold resistance 1, negative energy
resistance 3, torment resistance, unbreathing
a: Renounce Religion


You were on level 11 of the Dungeon.
You worshipped Vehumet.
Vehumet was greatly pleased with you.
You were not hungry.

You visited 2 branches of the dungeon, and saw 12 of its levels.

You collected 860 gold pieces.

Inventory:

Hand Weapons
 b - a +2 dagger of venom
 o - the +3 flail "Ocunk" {freeze, rC++ Int+5}
   (You found it on level 11 of the Dungeon)

   It has been specially enchanted to freeze those struck by it, causing extra
   injury to most foes and up to half again as much damage against particularly
   susceptible opponents.
   It can also slow down cold-blooded creatures.
   It affects your intelligence (+5).
   It greatly protects you from cold.
Missiles
 i - 251 stones (quivered)
Armour
 d - a +2 helmet (worn)
 j - a +2 robe of magic resistance
 m - a +0 large shield
 n - a +0 cloak (worn)
 y - a +1 robe of resistance (worn)
Magical Staves
 a - an uncursed staff of conjuration (weapon)
Jewellery
 r - a ring of see invisible (left hand)
Wands
 g - a wand of random effects (28)
 s - a wand of disintegration (17)
 t - a wand of acid (12)
Scrolls
 c - 3 scrolls of amnesia {!r}
 e - 6 scrolls of remove curse {!r}
 f - a scroll of blinking {!r}
 h - 9 scrolls of identify {!r}
 k - 5 scrolls of teleportation {!r}
 l - a scroll of enchant weapon {!r}
 p - 2 scrolls of fear {!r}
 u - 2 scrolls of magic mapping {!r}
 w - 6 scrolls of enchant armour {!r}


   Skills:
 - Level 1.5 Dodging
 - Level 1.5 Stealth
 + Level 13.0 Spellcasting
 - Level 0.7 Transmutations
 * Level 13.0 Earth Magic


You had 17 spell levels left.
You knew the following spells:

 Your Spells              Type           Power        Failure   Level  Hunger
a - Stone Arrow           Conj/Erth      #####.       1%          3    N/A
b - Passwall              Tmut/Erth      ####....     1%          2    N/A
c - Sandblast             Erth           ######       1%          1    N/A
d - Lee's Rapid Deconstr  Erth           ######....   1%          5    N/A
e - Petrify               Tmut/Erth      ####....     3%          4    N/A
f - Call Imp              Summ           ##......     10%         2    N/A
v - Blink                 Tloc           N/A          10%         2    N/A

Your spell library contained the following spells:

 Spells                   Type           Power        Failure   Level  Hunger
 Magic Dart               Conj           ###.         1%          1    N/A
 Fireball                 Conj/Fire      ###.......   38%         5    N/A
 Conjure Flame            Conj/Fire      ###.....     5%          3    N/A
 Bolt of Fire             Conj/Fire      ###.......   90%         6    N/A
 Slow                     Hex            ##......     10%         2    N/A
 Mephitic Cloud           Conj/Pois/Air  ###.....     5%          3    N/A
 Ring of Flames           Chrm/Fire      ##........   100%        7    N/A
 Animate Dead             Necr           N/A          52%         4    N/A
 Pain                     Necr           ##..         6%          1    N/A
 Animate Skeleton         Necr           N/A          6%          1    N/A
 Vampiric Draining        Necr           ##........   19%         3    N/A
 Regeneration             Chrm/Necr      ##........   19%         3    N/A
 Ignite Poison            Fire/Tmut/Pois ##......     4%          3    N/A
 Ignition                 Fire           ##........   100%        8    N/A

Dungeon Overview and Level Annotations

Branches:
Dungeon (11/15)            Temple (1/1) D:4
   Lair: D:8-11         Orc: D:9-12

Altars:
Cheibriados
Dithmenos
Elyvilon
Gozag
Kikubaaqudgha
Nemelex Xobeh
Okawaru
Ru
Sif Muna
Uskayaw
Vehumet
Wu Jian
Zin
The Shining One

Shops:
D:4 (   D:6 (


Innate Abilities, Weirdness & Mutations

You do not eat or drink.
Your flesh is vulnerable to fire.
You are immune to poison.
Your flesh is cold resistant. (rC+)
You are immune to negative energy. (rN+++)
You are immune to unholy pain and torment.
You can survive without breathing.


Message History

Casting: Sandblast (safe; 1% risk of failure)
Confirm with . or Enter, or press ? or * to list all spells.
You don't have enough magic to cast that spell.
Casting: Sandblast (safe; 1% risk of failure)
Confirm with . or Enter, or press ? or * to list all spells.
Aiming: Sandblast (safe; 1% risk of failure)
Press: ? - help, Shift-Dir - straight line, f/p - death yak
Aim: a death yak (almost dead)
The blast of sand hits the death yak.
The death yak is almost dead.
i - 251 stones The death yak gores you!!
* * * LOW HITPOINT WARNING * * *
Evoke which item? (* to show all) (? for menu, Esc to quit)
Aiming: Corrosive Bolt
Press: ? - help, Shift-Dir - straight line, f/p - death yak
Aim: a death yak (almost dead)
The bolt of acid misses the death yak.
The bolt of acid hits the yak.
The yak is splashed with acid.
The acid corrodes the yak!
The yak is moderately wounded.
The bolt of acid misses the yak. x2
A vampire comes into view.
The death yak gores you!!
* * * LOW HITPOINT WARNING * * *
Evoke which item? (* to show all) (? for menu, Esc to quit)
Aiming: Corrosive Bolt
Press: ? - help, Shift-Dir - straight line, f/p - death yak
Aim: a death yak (almost dead)
The bolt of acid hits the death yak.
The death yak is splashed with acid.
The acid corrodes the death yak!
You kill the death yak!
Vehumet accepts your kill.
The bolt of acid hits the yak.
The yak is splashed with acid.
The acid corrodes the yak!
The yak is severely wounded.
The bolt of acid hits the yak.
The yak is splashed with acid.
The yak is heavily wounded.
Evoke which item? (* to show all) (? for menu, Esc to quit)
Aiming: Corrosive Bolt
Press: ? - help, Shift-Dir - straight line, f - yak
Aim: a yak (severely wounded, covered in acid)
The bolt of acid hits the yak.
The yak is splashed with acid.
You kill the yak!
Vehumet accepts your kill.
You feel your power returning.
Your Spellcasting skill increases to level 13!
The bolt of acid misses the yak.
The bolt of acid hits the yak.
The yak is splashed with acid.
The acid corrodes the yak!
The yak is severely wounded.
Evoke which item? (* to show all) (? for menu, Esc to quit)
Aiming: Corrosive Bolt
Press: ? - help, Shift-Dir - straight line, f - yak
Aim: a yak (heavily wounded)
The bolt of acid hits the yak.
The yak is splashed with acid.
The acid corrodes the yak!
The yak is severely wounded.
The bolt of acid hits the yak.
The yak is splashed with acid.
The acid corrodes the yak!
You kill the yak!
Vehumet accepts your kill.
You feel your power returning.
Your Earth Magic skill increases to level 13!
The yak gores you.
You die...

#.# #.# #.######## ###
#......... ...
#......... ...
#.######## #.# #.# #.#
#.# #V# #.# #.# #.# #@#
#.# #Y# #.# #.#
#.############Y########
#.............Y.......#
#.....................#
#.....................#
#.....................#
#.....................#


You could see 3 yaks and a vampire.

Vanquished Creatures
  2 two-headed ogres (D:8)
  3 death yaks (D:11)
  Pikel (D:7)
  An ugly thing (D:11)
  2 manticores (D:11)
  An ice statue (D:10)
  6 ice devils (D:10)
  A troll (D:10)
  Grinder (D:4)
  A hippogriff (D:11)
  Sigmund (D:3)
  8 yaks (D:11)
  A wyvern (D:8)
  A hungry ghost (D:10)
  Menkaure (D:4)
  Edmund (D:6)
  3 orc warriors
  2 sky beasts
  A necrophage (D:5)
  3 ice beasts
  4 slaves (D:7)
  A phantom (D:9)
  3 ogres
  2 centaurs
  A crocodile (D:9)
  2 big kobolds
  3 bullfrogs
  Blork the orc (D:4)
  A wyvern skeleton (D:7)
  A water moccasin zombie (D:7)
  10 killer bees (D:7)
  A scorpion (D:11)
  10 wights
  A howler monkey (D:7)
  8 crimson imps
  A bullfrog zombie (D:5)
  A jelly (D:11)
  8 hounds
  3 orc priests
  A centaur skeleton (D:6)
  Jessica (D:3)
  5 iguanas
  Terence (D:3)
  8 orc wizards
  10 worker ants
  A killer bee zombie (D:7)
  A hound zombie (D:6)
  3 hound skeletons
  A howler monkey zombie (D:6)
  A worker ant zombie (D:8)
  Robin (D:3)
  8 adders
  7 gnolls
  3 shadow imps
  6 ufetubi (D:10)
  An ooze (D:5)
  5 worms
  A dart slug (D:2)
  6 leopard geckos
  42 orcs
  6 bats
  5 giant cockroaches
  13 goblins
  12 hobgoblins
  20 jackals
  10 quokkas
  A ball python (D:1)
  4 frilled lizards
  18 kobolds
  11 rats
316 creatures vanquished.

Notes
Turn   | Place    | Note
-------+----------+-------------------------------------------
     0 | D:1      | Amnesiac the Mummy Earth Elementalist began the quest for the Orb.
     0 | D:1      | Reached XP level 1. HP: 13/13 MP: 4/4
   268 | D:2      | Found an iron altar of Okawaru.
   292 | D:2      | Reached XP level 2. HP: 19/19 MP: 1/5
   296 | D:2      | Learned a level 2 spell: Passwall
   592 | D:2      | Reached XP level 3. HP: 24/24 MP: 3/7
   797 | D:2      | Found a sacrificial altar of Ru.
   817 | D:3      | Noticed Jessica
   828 | D:3      | Killed Jessica
   828 | D:3      | Reached XP level 4. HP: 30/30 MP: 0/9
   935 | D:3      | Noticed Robin
   972 | D:4      | Found a white marble altar of Elyvilon.
   974 | D:4      | Found an ornate altar of the Wu Jian Council.
   975 | D:4      | Found a sparkling altar of Nemelex Xobeh.
   987 | D:4      | Found Pilyad Muq's Weapon Boutique.
  1000 | D:4      | You fall through a shaft for 2 floors!
  1171 | D:6      | Learned a level 3 spell: Stone Arrow
  1176 | D:6      | Learned a level 4 spell: Petrify
  1290 | D:6      | Noticed Edmund
  1341 | D:6      | Killed Edmund
  1341 | D:6      | Reached XP level 5. HP: 20/35 MP: 9/12
  1358 | D:6      | Learned a level 1 spell: Sandblast
  1501 | D:6      | Reached XP level 6. HP: 30/41 MP: 7/13
  1625 | D:7      | Reached skill level 5 in Spellcasting
  1625 | D:7      | Reached skill level 5 in Earth Magic
  1801 | D:5      | Entered Level 5 of the Dungeon
  1957 | D:5      | Noticed an orc warrior
  1960 | D:5      | Reached XP level 7. HP: 18/46 MP: 11/15
  2192 | D:4      | Noticed Grinder
  2203 | D:4      | Killed Grinder
  2598 | D:4      | Noticed Menkaure
  2606 | D:4      | Killed Menkaure
  2606 | D:4      | Reached XP level 8. HP: 52/52 MP: 12/18
  2628 | D:4      | Found a glowing golden altar of the Shining One.
  2631 | D:4      | Found a glowing silver altar of Zin.
  2632 | D:4      | Found a hide-covered altar of Uskayaw.
  2633 | D:4      | Noticed Blork the orc
  2650 | D:4      | Killed Blork the orc
  2703 | D:4      | Found a staircase to the Ecumenical Temple.
  2712 | Temple   | Entered the Ecumenical Temple
  2740 | Temple   | Became a worshipper of Vehumet
  2823 | D:3      | Killed Robin
  3230 | D:1      | Reached * piety under Vehumet
  3230 | D:1      | Offered knowledge of Sting by Vehumet.
  4404 | D:3      | Noticed Terence
  4419 | D:3      | Killed Terence
  4662 | D:3      | Noticed Sigmund
  4688 | D:3      | Killed Sigmund
  4935 | D:3      | Found an ancient bone altar of Kikubaaqudgha.
  5356 | D:5      | Offered knowledge of Freeze by Vehumet.
  5821 | D:5      | Reached ** piety under Vehumet
  6229 | D:5      | Learned a level 5 spell: Lee's Rapid Deconstruction
  6376 | D:6      | Found Moqemy's Antique Weapon Emporium.
  6781 | D:6      | Found an opulent altar of Gozag.
  6781 | D:6      | Found a deep blue altar of Sif Muna.
  7037 | D:7      | Reached XP level 9. HP: 52/57 MP: 21/21
  7079 | D:7      | Offered knowledge of Throw Flame by Vehumet.
  7420 | D:7      | Noticed Pikel
  7470 | D:7      | Killed Pikel
  7545 | D:7      | Learned a level 2 spell: Blink
  7548 | D:7      | Learned a level 2 spell: Call Imp
  7595 | D:7      | Reached *** piety under Vehumet
  8111 | D:8      | Reached skill level 10 in Spellcasting
  8115 | D:8      | Reached skill level 10 in Earth Magic
  8272 | D:8      | Offered knowledge of Fulminant Prism by Vehumet.
  8284 | D:8      | Got an encrusted quarterstaff {venom}
  8285 | D:8      | Identified the +7 quarterstaff "Qean" {venom, *Contam rN+ Dex+5} (You took it off a kobold on level 8 of the Dungeon)
  8813 | D:9      | Noticed a two-headed ogre
  8933 | D:8      | Killed a two-headed ogre
  8933 | D:8      | Reached XP level 10. HP: 63/63 MP: 7/24
  9113 | D:9      | Reached **** piety under Vehumet
  9179 | D:9      | Offered knowledge of Bolt of Draining by Vehumet.
  9230 | D:9      | Noticed a two-headed ogre
  9304 | D:8      | Killed a two-headed ogre
  9821 | D:10     | Entered Level 10 of the Dungeon
  9854 | D:10     | Noticed an ice statue
  9864 | D:10     | Killed an ice statue
  9864 | D:10     | Reached ***** piety under Vehumet
 10249 | D:10     | Offered knowledge of Yara's Violent Unravelling by Vehumet.
 10762 | D:10     | Reached XP level 11. HP: 63/68 MP: 1/26
 12055 | D:11     | Got a bloodstained flail
 12056 | D:11     | Identified the +3 flail "Ocunk" {freeze, rC++ Int+5} (You found it on level 11 of the Dungeon)
 12150 | D:11     | Noticed a red ugly thing
 12157 | D:11     | Killed a red ugly thing
 12394 | D:11     | Noticed a death yak
 12425 | D:11     | Noticed a death yak
 12428 | D:11     | Noticed a death yak
 12431 | D:11     | Killed a death yak
 12450 | D:11     | Killed a death yak
 12467 | D:11     | HP: 2/68 [death yak (19)]
 12468 | D:11     | Killed a death yak
 12470 | D:11     | Slain by a yak

Vault maps used:
D:1:      minmay_arrival_up_and_down
D:2:      okawaru_trees_2, nicolae_ru_the_path_less_chosen
D:3:      lemuel_crystal_altar, minivault_19, kennysheep_generic_room_4,
          uniq_terence, uniq_sigmund, uniq_robin, uniq_jessica
D:4:      grunt_temple_overflow_open, minmay_temple_entry_large_hall,
          serial_shops, nicolae_shop_crystal, uniq_menkaure, uniq_blork_the_orc,
          uniq_grinder
D:5:      first_ration
D:6:      gammafunk_temple_overflow_elements, serial_shops,
          nicolae_shop_waterfront, uniq_edmund
D:7:      uniq_pikel
D:10:     cheibrodos_frozen_isle
D:11:     dpeg_lair_monsters, erik_orc_3
Temple:   minmay_temple_curvy_loop

Skill      XL: |  1  2  3  4  5  6  7  8  9 10 11 |
---------------+----------------------------------+-----
Spellcasting   | 3 4 5 6 8 10 11 13 | 13.0
Earth Magic    | 3 4 5 6 8 10 11 13 | 13.0
Dodging        | |  1.5
Stealth        | |  1.5
Transmutations | |  0.7

Action                   |  1- 3 |  4- 6 |  7- 9 | 10-12 || total
-------------------------+-------+-------+-------+-------++-------
Melee: Whip              |    18 |       |       |       ||    18
       Unarmed           |     2 |       |       |       ||     2
       Quarterstaff      |     6 |       |    16 |    26 ||    48
       Dagger            |       |    53 |   452 |       ||   505
       Staff             |       |       |       |     1 ||     1
 Cast: Sandblast         |    33 |    35 |   116 |    45 ||   229
       Passwall          |     1 |     1 |     3 |     2 ||     7
       Petrify           |       |     1 |     7 |     2 ||    10
       Lee's Rapid Decon |       |       |    16 |    71 ||    87
       Stone Arrow       |       |       |       |    65 ||    65
Evoke: Wand              |       |       |       |    32 ||    32
  Use: Scroll            |     3 |     5 |     4 |     1 ||    13
 Stab: Distracted        |       |       |     1 |       ||     1
       Petrified         |       |       |    28 |       ||    28
       Sleeping          |       |       |    11 |       ||    11
       Petrifying        |       |       |     2 |       ||     2
Armor: Robe              |    12 |    13 |   170 |    22 ||   217
Dodge: Dodged            |    30 |    50 |   307 |    50 ||   437

Table legend:
 A = Spawn XP
 B = Non-spawn XP
 C = Spawn XP percentage of total XP
 D = Spawn monster count
 E = Non-spawn monster count
 F = Spawn count percentage of total count
 G = Total turns spent on level
                    A         B        C        D         E        F      G
               +---------+---------+-------+---------+---------+-------+---------
         Total |       0 |   19032 |   0.0 |       0 |     312 |   0.0 | 12470
               +---------+---------+-------+---------+---------+-------+---------
           D:1 |       0 |      40 |   0.0 |       0 |      26 |   0.0 |   832
           D:2 |       0 |     124 |   0.0 |       0 |      31 |   0.0 |  1475
           D:3 |       0 |     444 |   0.0 |       0 |      33 |   0.0 |   892
           D:4 |       0 |     824 |   0.0 |       0 |      22 |   0.0 |  1081
           D:5 |       0 |     771 |   0.0 |       0 |      33 |   0.0 |  1145
           D:6 |       0 |     476 |   0.0 |       0 |      21 |   0.0 |  1314
           D:7 |       0 |    1817 |   0.0 |       0 |      33 |   0.0 |  1249
           D:8 |       0 |    2645 |   0.0 |       0 |      20 |   0.0 |   948
           D:9 |       0 |    1746 |   0.0 |       0 |      40 |   0.0 |   828
          D:10 |       0 |    3375 |   0.0 |       0 |      24 |   0.0 |  1942
          D:11 |       0 |    6767 |   0.0 |       0 |      28 |   0.0 |   707
        Temple |       0 |       3 |   0.0 |       0 |       1 |   0.0 |    57
               +---------+---------+-------+---------+---------+-------+---------
